 Dungeon Crawl Stone Soup version 0.29.1-2-gbd0b4ee654 (webtiles) character file.

Game seed: 6475966890485774859

3 croobank the Caller (level 1, -1/7 HPs)
             Began as a Felid Summoner on Oct 26, 2022.
             Slain by a jackal (2 damage)
             ... on level 1 of the Dungeon.
             The game lasted 00:02:40 (89 turns).

croobank the Caller (Felid Summoner)                  Turns: 89, Time: 00:02:40

Health: -1/7       AC:  1    Str:  4    XL:     1   Next: 41%
Magic:  2/4        EV: 17    Int: 16    God:
Gold:   10         SH:  0    Dex: 16    Spells: 3/4 levels left
                                        Lives:  0   Deaths: 0

rFire   . . .      SeeInvis +   (weapon unavailable)
rCold   . . .      Faith    .   (shield unavailable)
rNeg    . . .      Spirit   .   (body armour unavailable)
rPois   .          Reflect  .   (helmet unavailable)
rElec   .          Harm     .   (cloak unavailable)
rCorr   .          Rampage  .   (gloves unavailable)
Will    .....                   (boots unavailable)
Stlth   ++........              (no amulet)
HPRegen 0.02/turn               (no ring)
MPRegen 0.09/turn               (no ring)

@: quick
A: very small, claws 1, fangs 3, see invisible, speed 1, shaggy fur 1, stealthy
paws, no weapons or thrown items, no armour, multi-lived
a: no special abilities


You were on level 1 of the Dungeon.
You visited 1 branch of the dungeon, and saw 1 of its levels.

You collected 10 gold pieces.

Inventory:

Scrolls
 b - a scroll of silence {unknown}


   Skills:
 + Level 0.2 Fighting
 + Level 2.8 Dodging
 - Level 2.6 Stealth
 + Level 2.0 Spellcasting
 + Level 4.0 Summonings


You had 3 spell levels left.
You knew the following spells:

 Your Spells              Type           Power      Damage    Failure   Level
a - Summon Small Mammal   Summ           56%        N/A       4%          1

Your spell library contained the following spells:

 Spells                   Type           Power      Damage    Failure   Level
 Call Imp                 Summ           14%        N/A       6%          2
 Call Canine Familiar     Summ           14%        N/A       12%         3
 Summon Guardian Golem    Hex/Summ       8%         N/A       26%         3
 Summon Lightning Spire   Summ/Air       8%         N/A       65%         4


Dungeon Overview and Level Annotations

Branches:
Dungeon (1/15)

Altars:


Innate Abilities, Weirdness & Mutations

You have sharp claws.
You have razor-sharp teeth.
You have supernaturally acute eyesight. (SInv)
You cover ground quickly. (Speed+)
You are covered in fur. (AC +1)
Your paws help you pounce on unaware monsters.
You are incapable of wielding weapons or throwing items.
You cannot wear armour.
You gain extra lives every three experience levels.


Message History

Welcome back, croobank the Felid Summoner.
Press ? for a list of commands and other information.
Okay, then.
Okay, then.
Okay, then.
Magic courses through your body. The jackal bites you.
The jackal barely misses you. The jackal closely misses you.
The jackal bites you.
* * * LOW HITPOINT WARNING * * *
Casting: Summon Small Mammal (safe; 4% risk of failure)
Confirm with . or Enter, or press ? or * to list all spells.
The jackal barely misses you. The jackal misses you.
You swap places.
The jackal closely misses your quokka.
You see here a +0 pair of gloves.
Casting: Summon Small Mammal (safe; 4% risk of failure)
Confirm with . or Enter, or press ? or * to list all spells.
Your quokka disappears in a puff of smoke!
Your quokka barely misses the jackal.
The jackal bites your quokka. The jackal closely misses you.
The jackal closely misses your quokka.
Your quokka misses the jackal. The jackal closely misses your quokka.
The jackal closely misses you. The jackal closely misses your quokka.
The rat bites your quokka. The jackal completely misses you.
The jackal bites your quokka.
Your quokka misses the jackal. The jackal attacks as you move away!
The jackal misses you. The rat misses your quokka.
The jackal misses your quokka.
Your quokka bites the jackal.
Your quokka misses the jackal.
Casting: Summon Small Mammal (safe; 4% risk of failure)
Confirm with . or Enter, or press ? or * to list all spells.
Your quokka disappears in a puff of smoke!
The jackal barely misses you. x2; The jackal barely misses your quokka.
Your quokka completely misses the jackal.
The jackal barely misses you.
Your quokka barely misses the jackal.
Your quokka misses the jackal. The jackal attacks as you move away!
The jackal completely misses you. The jackal closely misses you.
The jackal attacks as you move away! The jackal barely misses you.
Your quokka bites the jackal.
The jackal dies!
The jackal bites you.
You die...

.......r.#..###
#####...###...####
###..........#
###.....r[.#
#........#
##...h...#
#..).rr.#
#...)...#
#...@h.$#
#.......#
#########


You could see 2 jackals, a rat and 2 friendly quokkas.

Vanquished Creatures
  A toadstool (D:1)
1 creature vanquished.

Vanquished Creatures (collateral kills)
  A hobgoblin (D:1)
  2 jackals (D:1)
  A frilled lizard (D:1)
  A toadstool (D:1)
5 creatures vanquished.

Grand Total: 6 creatures vanquished

Notes
Turn   | Place    | Note
-------+----------+-------------------------------------------
     0 | D:1      | croobank the Felid Summoner began the quest for the Orb.
     0 | D:1      | Reached XP level 1. HP: 7/7 MP: 4/4
    89 | D:1      | Slain by a jackal

Illustrated notes

Levels and vault maps discovered:
D:1:      ldierk_water_garden, layout_rooms, grunt_decor_one_mirror

Action                   || total
-------------------------++-------
Melee: Unarmed           ||     8
       Bite              ||     2
 Cast: Summon Small Mamm ||     8
  Use: Potion            ||     1
Dodge: Dodged            ||    26
